 Dungeon Crawl Stone Soup version 0.28-a0-1505-g8c907de6ad (webtiles) character file.

Game seed: 15794521069219514759

455 mopl the Sneak (level 7, -6/48 HPs)
             Began as an Octopode Delver on Jan 13, 2022.
             Was an Initiate of Gozag.
             Mangled by an ogre (31 damage)
             ... on level 4 of the Dungeon.
             The game lasted 00:05:22 (3199 turns).

mopl the Sneak (Octopode Delver)                    Turns: 3199, Time: 00:05:22

Health: -6/48      AC:  1    Str: 11    XL:     7   Next: 5%
Magic:  7/7        EV: 16    Int: 12    God:    Gozag
Gold:   626        SH:  8    Dex: 16    Spells: 6/6 levels left

rFire   . . .      SeeInvis .   a - +0 falchion
rCold   . . .      Faith    .   h - +0 kite shield
rNeg    . . .      Spirit   .   (helmet restricted)
rPois   .          Reflect  .   (no amulet)
rElec   .          Harm     .   u - +4 ring of evasion
rCorr   .          Rampage  .   (no ring)
Will    .....                   (no ring)
Stlth   +++++.....              (no ring)
HPRegen 0.16/turn               (no ring)
MPRegen 0.10/turn               (no ring)
                                (no ring)
                                (no ring)

@: gold aura
A: almost no armour, amphibious, 8 rings, camouflage 1, gelatinous body 1,
(nimble swimmer 1), tentacles
a: Renounce Religion, Potion Petition, Call Merchant, Bribe Branch


You were on level 4 of the Dungeon.
You worshipped Gozag.
Gozag was pleased with you.
You visited 1 branch of the dungeon, and saw 5 of its levels.

You collected 626 gold pieces.

Inventory:

Hand Weapons
 a - a +0 falchion (weapon)
Missiles
 w - 5 atropa-tipped darts (quivered)
Armour
 h - a +0 kite shield (worn)
Jewellery
 u - a +4 ring of evasion (left tentacle)
Wands
 f - a wand of digging (3)
 i - a wand of acid (6)
Scrolls
 b - 2 scrolls of fog
 c - 2 scrolls of magic mapping
 d - a scroll of fear
 j - a scroll of noise {unknown}
 k - 2 scrolls of teleportation {unknown}
 m - 2 scrolls of identify {unknown}
 n - a scroll of blinking {unknown}
 q - a scroll of torment {unknown}
 t - a scroll of vulnerability {unknown}
 v - a scroll of immolation {unknown}
Potions
 e - a potion of haste
 g - a potion of attraction {unknown}
 l - a potion of lignification {unknown}
 o - 2 potions of degeneration {unknown}
 p - 2 potions of magic {unknown}
 r - 2 potions of brilliance {unknown}
 s - a potion of might {unknown}
 x - a potion of berserk rage {unknown}


   Skills:
 + Level 4.2 Fighting
 * Level 4.6 Long Blades
 + Level 3.4 Dodging
 + Level 7.9 Stealth
 + Level 1.9 Shields


You had 6 spell levels left.
You didn't know any spells.
Your spell library contained the following spells:

 Spells                   Type           Power      Damage    Failure   Level
 Mephitic Cloud           Conj/Pois/Air  0%         N/A       97%         3
 Freezing Cloud           Conj/Ice/Air   0%         6-21      100%        5
 Silence                  Hex/Air        0%         N/A       100%        5
 Conjure Ball Lightning   Conj/Air       0%         3x3d6     100%        6


Dungeon Overview and Level Annotations

Branches:
Dungeon (5/15)
 Temple: D:4-7

Altars:
Gozag

Annotations:
D:5 exclusions: 3 ice beasts, jelly and ogre


Innate Abilities, Weirdness & Mutations

You cannot wear most types of armour.
You are amphibious.
You can wear up to eight rings at the same time.
Your skin changes colour to match your surroundings (Stealth+).
Your rubbery body absorbs attacks. (AC +1, EV +1)
((You are camouflaged when in or above water. (Stealth+)))
You have tentacles for arms and can constrict up to eight enemies at once.


Message History

There is a stone staircase leading up here.
x - a fuming amethyst potion
Found a battleaxe.
An ogre comes into view. It is wielding a +0 giant club.
Okay, then.
The ogre shouts!
You slash the ogre!
The ogre is moderately wounded.
You block the ogre's attack.
You hit the ogre but do no damage.
The ogre is moderately wounded.
The ogre closely misses you.
You slash the ogre! You squeeze the ogre, but do no damage.
The ogre is heavily wounded.
You block the ogre's attack.
You slash the ogre! You squeeze the ogre.
The ogre is almost dead.
The ogre completely misses you.
You hit the ogre.
You kill the ogre!
You have reached level 7!
You now have 601 gold pieces (gained 17).
You now have 617 gold pieces (gained 16).
You see here a +0 giant club.
HP restored.
You now have 626 gold pieces (gained 9).
You see here a scroll labelled KEMUNL EREETZ.
An ogre is nearby!
You barely miss the ogre. You squeeze the ogre.
The ogre is lightly wounded.
The ogre misses you.
You hit the ogre. Your squeeze misses the ogre.
The ogre is moderately wounded.
The ogre hits you with a +0 giant club!!
You hit the ogre. You squeeze the ogre.
The ogre is heavily wounded.
The ogre hits you with a +0 giant club!!
Ouch! That really hurt!
You die...
Your body crumbles into a pile of gold.

..#.#####.#.#########.......#.#
###.......#..............#.##.###
###..####'################.#....#
.....# ... #......# .....###....
######<...# .............
...........# #....#.#......
#########..# #...)#.#
......#######........... ##...#.#
.......@......########.. #...#.#
......O....?..# ###.. #...#.#
'####.........# #.... ##.....#
#.........######.#.# .......#
#########......#.#.# ##.....# .#
######.#.#.# .......##.# #.#.#.#
###....##.# #)#.#.. #(.#.##.#
#......


You could see an ogre.

Vanquished Creatures
  A black bear (D:4)
  An ogre (D:4)
  A hound (D:5)
  2 bullfrog skeletons (D:5)
  An orc priest (D:4)
  A hound skeleton (D:4)
  6 adders
  A gnoll (D:4)
  3 worms
  5 orcs
  6 endoplasms
  A giant cockroach (D:3)
  4 goblins
  10 hobgoblins
  4 jackals (D:1)
  4 quokkas
  6 ball pythons
  2 bats (D:2)
  4 frilled lizards
  2 kobolds
  10 rats
75 creatures vanquished.

Notes
Turn   | Place    | Note
-------+----------+-------------------------------------------
     0 | D:5      | mopl the Octopode Delver began the quest for the Orb.
     0 | D:5      | Reached XP level 1. HP: 16/16 MP: 1/1
    18 | D:5      | Got the Tome of Monotheism
    60 | D:5      | Noticed an ice beast
    73 | D:5      | Noticed an ice beast
    91 | D:5      | Reached XP level 2. HP: 15/21 MP: 2/2
    91 | D:5      | Reached XP level 3. HP: 18/26 MP: 3/3
   204 | D:5      | Reached skill level 3 in Long Blades
   204 | D:5      | Reached skill level 7 in Stealth
   204 | D:5      | Reached XP level 4. HP: 19/31 MP: 4/4
   329 | D:5      | Noticed an ogre
   335 | D:5      | Noticed an ice beast
   565 | D:5      | Identified the +1 scale mail of Culeoppa {rCorr Int+2}
  1240 | D:2      | Found a faded altar of an unknown god.
  1244 | D:2      | Reached XP level 5. HP: 36/36 MP: 5/5
  1303 | D:2      | Prayed at the altar of an unknown god.
  1303 | D:2      | Became a worshipper of Gozag Ym Sagoz the Greedy
  2002 | D:2      | Reached skill level 3 in Dodging
  2562 | D:4      | Noticed a black bear
  2615 | D:4      | Killed a black bear
  2616 | D:4      | Reached skill level 4 in Fighting
  2616 | D:4      | Reached skill level 4 in Long Blades
  2616 | D:4      | Reached skill level 1 in Shields
  2616 | D:4      | Reached XP level 6. HP: 28/43 MP: 6/6
  3176 | D:4      | Reached XP level 7. HP: 46/48 MP: 7/7
  3199 | D:4      | Mangled by an ogre

Illustrated notes

Levels and vault maps discovered:
D:1:      lightli_arrival_boilingwater, layout_rooms, minmay_cut_off
D:2:      layout_rooms, shapermc_ecumenical_altar_mp_highgroup,
          minmay_indecisive_spiral
D:3:      layout_basic, minmay_misc_feat_pillars,
          hangedman_abyss_or_decor_lesser_grid
D:4:      layout_basic, serial_shops, nicolae_shop_statue_plus,
          serial_corexii_hall, chequers_hall_statues_wall_a,
          corexii_hall_statues_i, chequers_hall_statues_wall_a,
          corexii_hall_statues_l
D:5:      layout_cave_pools

Skill      XL: |  1  2  3  4  5 |
---------------+----------------+-----
Long Blades    | 3 4 |  4.6
Stealth        | 7 |  7.9
Dodging        | 3 |  3.4
Fighting       | 4 |  4.2
Shields        | 1 |  1.9

Action                   |  1- 3 |  4- 6 |  7- 9 || total
-------------------------+-------+-------+-------++-------
Melee: Falchion          |    11 |   147 |     3 ||   161
       Constrict         |     2 |    43 |       ||    45
       Tentacles         |     1 |    27 |     2 ||    30
       Punch             |       |     2 |       ||     2
Evoke: Wand              |       |     3 |       ||     3
 Stab: Sleeping          |     1 |    28 |       ||    29
       Distracted        |       |     3 |       ||     3
Armor: Skin              |       |     8 |       ||     8
Dodge: Dodged            |    12 |    75 |     1 ||    88
Block: Kite shield       |       |    41 |       ||    41

Table legend: (Time is in decaauts)
 A = Elapsed time spent in this place.
 B = Non-inter-level travel time spent in this place.
 C = Inter-level travel time spent in this place.
 D = Time resting spent in this place.
 E = Time spent auto-exploring this place.
 F = Levels seen in this place.
 G = Mean time per level.
                   A        B        C        D        E       F      G
               +--------+--------+--------+--------+--------+-----+--------+
         Total |   3248 |   3029 |    219 |    635 |   1637 |   5 |  649.6 |
       Dungeon |   3248 |   3029 |    219 |    635 |   1637 |   5 |  649.6 |
               +--------+--------+--------+--------+--------+-----+--------+

Top non-repeatable levels by time:
     D:2: 857 daAuts
     D:3: 683 daAuts
     D:5: 593 daAuts
     D:4: 590 daAuts
     D:1: 524 daAuts
